 Dungeon Crawl Stone Soup version 0.18.1-6-gd335043 (webtiles) character file.

354 inmateoo the Skirmisher (level 6, -1/38 HPs)
             Began as a Gargoyle Wanderer on May 20, 2016.
             Was a Follower of the Shining One.
             Killed by divine providence
             ... invoked by an orc priest
              (15 damage)
             ... on level 4 of the Dungeon.
             The game lasted 00:04:31 (3471 turns).

inmateoo the Skirmisher (Gargoyle Wanderer)         Turns: 3471, Time: 00:04:32

Health: -1/38      AC: 15    Str: 18    XL:     6   Next: 63%
Magic:  6/6        EV:  8    Int: 10    God:    the Shining One [*.....]
Gold:   216        SH:  0    Dex: 11    Spells: 0 memorised, 5 levels left

rFire  . . .     SeeInvis .     a - +3 dagger
rCold  . . .     Gourm    .     o - +0 chain mail
rNeg   + . .     Faith    .     (no shield)
rPois  ∞         Spirit   .     (no helmet)
rElec  +         Dismiss  .     q - +1 cloak
rCorr  .         Reflect  .     (no gloves)
SustAt .         Harm     .     (no boots)
MR     .....                    (no amulet)
Stlth  ..........               (no ring)
                                (no ring)

@: very slightly contaminated, hasted, glowing, very quick, not resistant to
hostile enchantments, extremely unstealthy
A: negative energy resistance 1, electricity resistance, unbreathing,
petrification resistance, rot immunity, AC +4
a: Renounce Religion


You were on level 4 of the Dungeon.
You worshipped the Shining One.
The Shining One was aware of your devotion.
You were not hungry.

You visited 1 branch of the dungeon, and saw 5 of its levels.

You collected 216 gold pieces.

Inventory:

Hand Weapons
 a - a +3 dagger (weapon)
 g - a cursed +0 club
 v - a +0 mace
Missiles
 t - a throwing net (quivered)
Armour
 o - a +0 chain mail (worn)
 q - a +1 cloak (worn)
Wands
 u - a wand of lightning (0/15)
 x - a wand of slowing (38/48)
Scrolls
 d - 2 scrolls of teleportation
 s - a scroll of fog
 y - a scroll of identify {unknown}
Potions
 b - a potion of haste
 c - a potion of curing
 e - a potion of berserk rage {unknown}
 i - a potion of agility {unknown}
 j - a potion of degeneration {unknown}
 k - 2 potions of lignification {unknown}
 m - a potion of invisibility {unknown}
 p - a potion of heal wounds {unknown}
 r - a potion of brilliance {unknown}
Comestibles
 f - 2 bread rations
 h - 4 meat rations
 l - a royal jelly
 n - a beef jerky
 w - 2 chunks of flesh


   Skills:
 + Level 3.9 Fighting
 * Level 3.3 Maces & Flails
   Level 1.7 Polearms
 - Level 1.0 Throwing
 + Level 3.5 Armour
 + Level 2.8 Dodging
 - Level 3.2 Stealth


You had 5 spell levels left.
You didn't know any spells.

Dungeon Overview and Level Annotations

Branches:
Dungeon (5/15)
 Temple: D:4-7

Altars:
Dithmenos
Xom
Yredelemnul
The Shining One

Annotations:
D:5 Pikel


Innate Abilities, Weirdness & Mutations

You are resistant to torment.
Your stone body is resilient (AC +4).
You are immune to poison.
You resist negative energy.
You are resistant to electric shocks.
You can survive without breathing.
You are immune to petrification.
You are immune to rotting.


Message History

Press: ? - help, Shift-Dir - straight line, p - orc priest Nothing appears to happen.
The orc priest calls down the wrath of Beogh upon you.
Beogh smites you!
* * * LOW HITPOINT WARNING * * *
Unknown command.
Unknown command.
Unknown command.
Drink which item? (? for menu, Esc to quit)
You feel better.
The orc wizard hits you but does no damage.
The orc priest casts a cantrip, but nothing happens.
Drink which item? (? for menu, Esc to quit)
You feel yourself speed up.
The orc wizard hits you but does no damage.
The orc priest hits you.
You are very lightly contaminated with residual magic.
The orc priest mumbles some strange prayers to Beogh against you.
Beogh smites you!
You die...

##o## # ##...##
##.##.....#########.
..#.......#<......#
#......_....o...####
#..#.......#o##..#
#####.....##o# .# ..
#.##...##..# #
#.##.# #..##.##@o.#
#.##.#####.........#
#..#.##............#
#..................#
#...........########
............#
............#
...†........###
................


You could see 2 orc priests and an orc wizard (invisible).

Vanquished Creatures
  An orc warrior (D:5)
  2 slaves (D:4)
  An orc wizard (D:5)
  An orc priest (D:4)
  An iguana (D:4)
  A worker ant (D:4)
  5 adders
  A worm (D:3)
  4 dart slugs
  3 giant geckos
  8 orcs
  4 giant cockroaches
  2 gnoll zombies (D:2)
  8 goblins
  9 hobgoblins
  6 jackals
  12 kobolds
  A quokka (D:4)
  7 bats
  2 giant newts
  A quokka skeleton (D:4)
  6 rats
86 creatures vanquished.

Notes
Turn   | Place    | Note
--------------------------------------------------------------
     0 | D:1      | inmateoo the Gargoyle Wanderer began the quest for the Orb.
     0 | D:1      | inmateoo set off with: a +2 dagger, a potion of haste, a potion of curing, a scroll of teleportation, a +0 robe, a bread ration
     0 | D:1      | Reached XP level 1. HP: 12/12 MP: 1/1
    88 | D:1      | Reached XP level 2. HP: 6/18 MP: 2/2
    92 | D:1      | Reached skill level 1 in Armour
   443 | D:1      | Reached XP level 3. HP: 22/22 MP: 3/3
  1153 | D:2      | Found a shadowy altar of Dithmenos.
  1295 | D:2      | Reached XP level 4. HP: 19/28 MP: 4/4
  1331 | D:2      | Reached skill level 1 in Maces & Flails
  1577 | D:2      | Found a basalt altar of Yredelemnul.
  1997 | D:3      | Found a glowing golden altar of the Shining One.
  2295 | D:3      | Became a worshipper of the Shining One
  2526 | D:3      | Reached XP level 5. HP: 32/32 MP: 5/5
  2581 | D:4      | Found a shimmering altar of Xom.
  2874 | D:5      | Entered Level 5 of the Dungeon
  3082 | D:5      | Noticed an orc warrior
  3116 | D:5      | Killed an orc warrior
  3116 | D:5      | Reached XP level 6. HP: 24/38 MP: 6/6
  3327 | D:5      | Noticed a slave
  3330 | D:5      | Noticed a slave
  3333 | D:5      | Noticed Pikel
  3335 | D:5      | Noticed a slave
  3366 | D:4      | Killed a slave
  3382 | D:4      | Killed a slave
  3457 | D:4      | Reached * piety under the Shining One
  3471 | D:4      | Killed from afar by an orc priest

Skill      XL: |  1  2  3  4  5 |
---------------+----------------+-----
Armour         | 1 2 3 |  3.5
Dodging        | 2 |  2.8
Fighting       | 3 |  3.9
Maces & Flails | 1 3 |  3.3
Polearms       | |  1.7
Throwing       | |  1.0
Stealth        | |  3.2

Action                   |  1- 3 |  4- 6 || total
-------------------------+-------+-------++-------
Melee: Dagger            |   172 |   256 ||   428
       Hand axe          |    12 |       ||    12
Evoke: Wand              |       |     4 ||     4
  Use: Scroll            |     3 |     2 ||     5
       Potion            |       |     4 ||     4
 Stab: Sleeping          |     1 |       ||     1
  Eat: Chunk             |     1 |     8 ||     9
Armor: Ring mail         |    63 |       ||    63
       Chain mail        |    27 |   180 ||   207
Dodge: Dodged            |   111 |    94 ||   205
